 Dungeon Crawl Stone Soup version 0.24.1-8-ga250c9d538 (webtiles) character file.

Game seed: 12490878750159029624, levelgen mode: deterministic

120 Peloso the Skirmisher (level 4, -3/35 HPs)
             Began as a Demonspawn Fighter on Apr 28, 2020.
             Slain by a worm (5 damage)
             ... on level 2 of the Dungeon.
             The game lasted 00:06:07 (2051 turns).

Peloso the Skirmisher (Demonspawn Fighter)          Turns: 2051, Time: 00:06:08

Health: -3/35      AC:  8    Str: 18    XL:     4   Next: 75%
Magic:  4/4        EV:  7    Int:  9    God:
Gold:   174        SH:  9    Dex: 12    Spells: 3/3 levels left

rFire    . . .     SeeInvis .   b - -3 short sword (curse)
rCold    . . .     Gourm    .   c - +0 shield
rNeg     . . .     Faith    .   o - +0 scale mail
rPois    .         Spirit   .   (helmet restricted)
rElec    .         Reflect  .   (no cloak)
rCorr    .         Harm     .   (no gloves)
MR       .....                  (no boots)
Stlth    ..........             i - amulet of inaccuracy (curse)
HPRegen  0.11/turn              (no ring)
MPRegen  0.09/turn              (no ring)

@: no status effects
A: antennae 1, slimy green scales 1
a: no special abilities


You were on level 2 of the Dungeon.
You were not hungry.

You visited 1 branch of the dungeon, and saw 3 of its levels.

You collected 174 gold pieces.

Inventory:

Hand Weapons
 a - a +0 long sword
 b - a cursed -3 short sword (weapon)
Armour
 c - a +0 shield (worn)
 o - a +0 scale mail (worn)
Jewellery
 i - a cursed amulet of inaccuracy (around neck)
Scrolls
 e - a scroll of teleportation
 g - 2 scrolls of identify
Potions
 d - a potion of might
 h - a potion of haste
Comestibles
 f - 4 rations
 j - 3 chunks of flesh


   Skills:
 + Level 3.5 Fighting
 + Level 3.1 Long Blades
 + Level 3.1 Armour
 + Level 0.2 Dodging
 + Level 3.4 Shields


You had 3 spell levels left.
You didn't know any spells.
Your spell library was empty.

Dungeon Overview and Level Annotations

Branches:
Dungeon (3/15)

Altars:


Innate Abilities, Weirdness & Mutations

You have a pair of small antennae on your head.
You are partially covered in slimy green scales. (AC +2)


Message History

You closely miss the worm.
The worm is lightly wounded.
The worm bites you.
* * * LOW HITPOINT WARNING * * *
You hit the worm but do no damage.
The worm is lightly wounded.
You barely miss the worm.
The worm is lightly wounded.
You block the worm's attack.
You hit the worm but do no damage. You block the worm's attack.
Your shield and scale mail prevent you from hitting the worm.
You hit the worm.
The worm is lightly wounded.
You block the worm's attack.
You hit the worm.
The worm is lightly wounded.
You hit the worm.
The worm is heavily wounded.
The worm bites you.
You die...

#####.## #.# #.# #.#
#.# #.# ##'## #.#
##...## #.# ##.....##
#.####
##.......###.##.##
#.........##.....##
+.........'....รท@.####
#.........###..w.....#
##.......## #.#..###.#
##.....## #.##.# #.#
##...## #.##.# #.#
##'## #.##.# #.# # #.#
#.##.###.# ## #.#
#........# .# #.#
####.#####


You could see a worm.

Vanquished Creatures
  6 adders (D:2)
  A worm (D:2)
  3 dart slugs
  A leopard gecko (D:2)
  4 giant cockroaches
  7 goblins
  8 hobgoblins
  3 jackals (D:2)
  5 kobolds
  2 quokkas (D:2)
  4 bats
  2 frilled lizards
  A quokka skeleton (D:2)
  5 rats
52 creatures vanquished.

Notes
Turn   | Place    | Note
-------+----------+-------------------------------------------
     0 | D:1      | Peloso the Demonspawn Fighter began the quest for the Orb.
     0 | D:1      | Reached XP level 1. HP: 18/18 MP: 1/1
   112 | D:1      | Gained mutation: You are partially covered in slimy green
                  | scales. (AC +2) [demonic ancestry]
   112 | D:1      | Reached XP level 2. HP: 22/24 MP: 2/2
   657 | D:2      | Gained mutation: You have a pair of small antennae on your
                  | head. [demonic ancestry]
   657 | D:2      | Reached XP level 3. HP: 29/29 MP: 3/3
  1032 | D:2      | Reached XP level 4. HP: 31/35 MP: 4/4
  2044 | D:2      | HP: 1/35 [worm (6)]
  2051 | D:2      | Slain by a worm

Levels and vault maps discovered:
D:1:      saegor_arrival_simple_e, layout_loops_ring, minmay_misc_feat_encased
D:2:      layout_loops_corners, first_ration, grunt_ministairs_5
D:3:      layout_loops_cross, lemuel_coloured_pillars_altar,
          nicolae_ru_awakened_eye

Skill      XL: |  1  2  3  4 |
---------------+-------------+-----
Long Blades    | 2 3 |  3.1
Shields        | 3 |  3.4
Armour         | 3 |  3.1
Fighting       | |  3.5
Dodging        | |  0.2

Action                   |  1- 3 |  4- 6 || total
-------------------------+-------+-------++-------
Melee: Long sword        |   113 |    37 ||   150
       Short sword       |       |   148 ||   148
  Use: Potion            |     1 |     3 ||     4
       Scroll            |       |     5 ||     5
  Eat: Ration            |       |     1 ||     1
       Chunk             |       |     1 ||     1
Armor: Scale mail        |    61 |    71 ||   132
Dodge: Dodged            |    30 |    51 ||    81
Block: Shield            |    60 |    83 ||   143
       Rpst.: Long sword |     9 |     4 ||    13
